 Dungeon Crawl Stone Soup version 0.27.0-1-g7a089689b8 (webtiles) character file.

Game seed: 16642562073824057088

61 hawla the Sneak (level 3, 0/22 HPs)
             Began as a Deep Elf Delver on Aug 6, 2021.
             Slain by a rat (2 damage)
             ... on level 2 of the Dungeon.
             The game lasted 00:04:29 (1959 turns).

hawla the Sneak (Deep Elf Delver)                   Turns: 1959, Time: 00:04:29

Health: 0/22       AC:  3    Str:  9    XL:     3   Next: 83%
Magic:  5/5        EV: 12    Int: 15    God:
Gold:   56         SH:  0    Dex: 16    Spells: 2/2 levels left

rFire    . . .     SeeInvis .   a - +0 short sword
rCold    . . .     Faith    .   (no shield)
rNeg     . . .     Spirit   .   b - +0 leather armour
rPois    .         Reflect  .   (no helmet)
rElec    .         Harm     .   (no cloak)
rCorr    .         Rampage  .   (no gloves)
Will     .....                  (no boots)
Stlth    +++.......             (no amulet)
HPRegen  0.07/turn              (no ring)
MPRegen  0.09/turn              (no ring)

@: hasted, very quick
A: no striking features
a: no special abilities


You were on level 2 of the Dungeon.
You visited 1 branch of the dungeon, and saw 5 of its levels.

You collected 56 gold pieces.

Inventory:

Hand Weapons
 a - a +0 short sword (weapon)
Missiles
 h - 6 javelins (quivered)
Armour
 b - a +0 leather armour (worn)
Wands
 g - a wand of digging (3)
Scrolls
 c - a scroll of fog
 d - a scroll of magic mapping
 e - a scroll of fear
 i - a scroll of silence {unknown}
 j - a scroll of noise {unknown}
 k - a scroll of immolation {unknown}
 l - 3 scrolls of identify {unknown}
Potions
 f - 3 potions of haste


   Skills:
 + Level 2.5 Fighting
 + Level 2.3 Short Blades
 + Level 0.6 Throwing
 + Level 2.7 Dodging
 + Level 7.3 Stealth


You had 2 spell levels left.
You didn't know any spells.
Your spell library was empty.

Dungeon Overview and Level Annotations

Branches:
Dungeon (5/15)
 Temple: D:4-7

Altars:

Shops:
D:4 (

Annotations:
D:2 1 runed translucent door, Crazy Yiuf


Message History

The adder misses you. The hobgoblin barely misses you.
You hit the hobgoblin but do no damage.
The hobgoblin is heavily wounded.
The adder barely misses you. The hobgoblin hits you. The adder bites you.
You hit the hobgoblin.
The hobgoblin is severely wounded.
The hobgoblin hits you but does no damage.
The adder bites you.
There is an open door here.
The adder bites you but does no damage. The adder bites you but does no damage.
The adder bites you.
You are poisoned.
The adder poisons you!
You feel sick.
You feel sick.
You feel sick.
You feel sick. The adder misses you.
You feel sick.
You feel sick.
Throw: 8 javelins
Press: ? - help, Q - select action Shift-Dir - straight line, f - adder
Aim: an adder (42% to hit)
You throw a javelin. The javelin misses the adder.
The javelin barely misses the hobgoblin.
You feel sick.
You are no longer poisoned.
The adder barely misses you. x2; The rat bites you but does no damage.
Throw: 7 javelins
Press: ? - help, Q - select action Shift-Dir - straight line, f/p - adder
Aim: an adder (42% to hit)
You throw a javelin. The javelin pierces through the adder.
The adder is moderately wounded.
The javelin barely misses the hobgoblin.
The adder bites you.
* * * LOW HITPOINT WARNING * * *
The rat closely misses you. The adder bites you.
* * * LOW HITPOINT WARNING * * *
You feel yourself speed up. The rat bites you.
You die...

####### #...... #.##### #)#.###
#.#.... #.#.### #### #.#.#
...########################.#.##
...'.....(....gS@.............>#
...#...........r###########....#
...#............# #....#
...#............######## #....##
...'............'......##
#......
####............######..#
#..†### #....)(......# ##.#
#..<... #............#
#.###..#)## #............#
#..##......


You could see an adder, a hobgoblin and a rat.

Vanquished Creatures
  An ufetubus (D:2)
  An orc (D:2)
  6 ball pythons
  8 endoplasms
  5 goblins
  7 hobgoblins
  4 jackals (D:1)
  4 kobolds
  3 quokkas
  A bat (D:1)
  2 frilled lizards
  2 rats (D:1)
44 creatures vanquished.

Notes
Turn   | Place    | Note
-------+----------+-------------------------------------------
     0 | D:5      | hawla the Deep Elf Delver began the quest for the Orb.
     0 | D:5      | Reached XP level 1. HP: 13/13 MP: 3/3
    21 | D:4      | Found Dehat's Weapon Emporium.
    74 | D:2      | Found a runed translucent door.
    75 | D:2      | Noticed Crazy Yiuf
   144 | D:2      | Reached XP level 2. HP: 10/18 MP: 4/4
   679 | D:1      | Reached skill level 7 in Stealth
   864 | D:1      | Reached XP level 3. HP: 22/22 MP: 5/5
   883 | D:1      | Found a faded altar of an unknown god.
  1959 | D:2      | Slain by a rat

Illustrated notes

Levels and vault maps discovered:
D:1:      nzn_arrival_settlement, layout_basic, basic_ecumenical_altar
D:2:      layout_basic, uniq_crazy_yiuf_cottage, uniq_terence, uniq_robin
D:3:      layout_loops_cross
D:4:      layout_cave_pools, lemuel_tele_altar, serial_shops,
          nicolae_stop_n_shop_1, uniq_grinder
D:5:      layout_rooms

Skill      XL: |  1  2 |
---------------+-------+-----
Stealth        | 7 |  7.3
Fighting       | |  2.5
Short Blades   | |  2.3
Throwing       | |  0.6
Dodging        | |  2.7

Action                   || total
-------------------------++-------
Melee: Short sword       ||    93
Throw: Javelin           ||    24
  Use: Potion            ||     3
 Stab: Sleeping          ||    11
Armor: Leather armour    ||    25
Dodge: Dodged            ||    67
